 Dungeon Crawl Stone Soup version 0.28.0-53-g5a82cb258f (webtiles) character file.

Game seed: 18037021875247275759

82 issech the Chopper (level 4, -2/40 HPs)
             Began as a Minotaur Monk on June 19, 2022.
             Frozen to death by an endoplasm (4 damage)
             ... on level 2 of the Dungeon.
             The game lasted 00:03:02 (1989 turns).

issech the Chopper (Minotaur Monk)                  Turns: 1989, Time: 00:03:04

Health: -2/40      AC: 14    Str: 15    XL:     4   Next: 21%
Magic:  3/3        EV:  0    Int:  7    God:
Gold:   76         SH:  0    Dex: 15    Spells: 3/3 levels left

rFire   . . .      SeeInvis .   m - +1 dagger (speed)
rCold   . . .      Faith    .   (no shield)
rNeg    . . .      Spirit   .   e - +0 crystal plate armour
rPois   .          Reflect  .   (helmet restricted)
rElec   .          Harm     .   (no cloak)
rCorr   .          Rampage  .   (no gloves)
Will    .....                   (no boots)
Stlth   ..........              (no amulet)
HPRegen 0.13/turn               (no ring)
MPRegen 0.08/turn               (no ring)

@: no status effects
A: horns 2, retaliatory headbutt
a: no special abilities


You were on level 2 of the Dungeon.
You visited 1 branch of the dungeon, and saw 2 of its levels.

You collected 76 gold pieces.

Inventory:

Hand Weapons
 a - a +0 hand axe
 m - a +1 dagger of speed (weapon)
Missiles
 c - 65 stones (quivered)
 f - 6 poisoned darts
 g - a throwing net
 p - 31 bolts
Armour
 b - a +0 robe
 e - a +0 crystal plate armour (worn)
Magical Staves
 i - a staff of air
Scrolls
 j - a scroll of noise {unknown}
 k - a scroll of amnesia {unknown}
 l - a scroll of silence {unknown}
 n - a scroll of vulnerability {unknown}
 q - a scroll of fear {unknown}
Potions
 d - 2 potions of ambrosia {unknown}
 h - a potion of haste {unknown}
 o - a potion of magic {unknown}
 r - 2 potions of might {unknown}


   Skills:
 + Level 4.2 Fighting
 + Level 0.1 Short Blades
 + Level 4.9 Axes
 + Level 1.3 Armour
 + Level 3.9 Dodging
 + Level 1.6 Stealth


You had 3 spell levels left.
You didn't know any spells.
Your spell library contained the following spells:

 Spells                   Type           Power      Damage    Failure   Level
 Sandblast                Erth           0%         2d4       100%        1
 Passwall                 Tmut/Erth      0%         N/A       100%        2
 Stone Arrow              Conj/Erth      0%         3d7       100%        3


Dungeon Overview and Level Annotations

Branches:
Dungeon (2/15)

Altars:


Innate Abilities, Weirdness & Mutations

You have a pair of horns on your head.
You reflexively headbutt those who attack you in melee.


Message History

Found a scroll labelled MIJ NORUMP.
The orc priest mumbles some strange prayers to Beogh against you.
Pain shoots through your body!
The orc priest calls down the wrath of Beogh upon you.
Pain shoots through your body!
There is an open door here.
The orc priest mumbles some strange prayers to Beogh against you.
Pain shoots through your body!
* * * LOW HITPOINT WARNING * * *
The endoplasm hits you but does no damage.
The orc priest looks encouraged for a moment.
The orc priest hits you but does no damage.
You hit the orc priest but do no damage.
You headbutt the orc priest!
The orc priest is heavily wounded.
The endoplasm hits you but does no damage.
You hit the orc priest but do no damage.
Your headbutt misses the orc priest.
The orc priest is heavily wounded.
The orc priest hits you but does no damage.
The endoplasm hits you but does no damage.
You hit the orc priest but do no damage.
The orc priest is heavily wounded.
The orc priest hits you with a +0 short sword.
* * * LOW HITPOINT WARNING * * *
The endoplasm hits you but does no damage.
You barely miss the orc priest.
The orc priest is heavily wounded.
You hit the orc priest. You headbutt the orc priest.
You kill the orc priest!
The endoplasm hits you but does no damage.
Your Armour skill increases to level 1!
You have reached level 4!
You feel agile.
You barely miss the endoplasm. Your headbutt misses the endoplasm.
You hit the endoplasm.
The endoplasm is lightly wounded.
The endoplasm freezes you.
You are frozen.
You die...

#....# ####># #...#
##########.# #...#
...........# #...#
..........## ##### #..^#
...........###...###...#
##########.##.....##...#
#.#.......#...#
#.#..!)@J.'...+
#.#.......#...#
#.##.?...##...#
#..##...##)...#
##..#####..####
##.......## #########


You could see an endoplasm.

Vanquished Creatures
  An orc priest (D:2)
  3 adders (D:2)
  2 endoplasms (D:1)
  2 giant cockroaches
  2 goblins (D:2)
  3 hobgoblins (D:1)
  2 jackals (D:1)
  2 quokkas
  3 ball pythons (D:2)
  2 bats
  A kobold (D:1)
  4 rats
27 creatures vanquished.

Notes
Turn   | Place    | Note
-------+----------+-------------------------------------------
     0 | D:1      | issech the Minotaur Monk began the quest for the Orb.
     0 | D:1      | Reached XP level 1. HP: 19/19 MP: 0/0
   378 | D:1      | Reached XP level 2. HP: 27/27 MP: 1/1
   504 | D:1      | Found a faded altar of an unknown god.
  1644 | D:2      | Reached XP level 3. HP: 26/33 MP: 2/2
  1985 | D:2      | HP: 1/33 [orc priest/+0 short sword (2)]
  1988 | D:2      | Reached skill level 1 in Armour
  1988 | D:2      | Reached XP level 4. HP: 2/40 MP: 3/3
  1989 | D:2      | Frozen to death by an endoplasm

Illustrated notes

Levels and vault maps discovered:
D:1:      elethiomel_arrival_infinity_welcomes_careful_drivers,
          layout_loops_ring, shapermc_ecumenical_altar_hornbeckon, serial_glass,
          glass_columns_a, glass_columns_a, chequers_avenue
D:2:      kennysheep_six_static_rooms, layout_basic

Skill      XL: |  1  2  3 |
---------------+----------+-----
Axes           | 4 |  4.9
Fighting       | 4 |  4.2
Armour         | 1 |  1.3
Short Blades   | |  0.1
Dodging        | |  3.9
Stealth        | |  1.6

Action                   |  1- 3 |  4- 6 || total
-------------------------+-------+-------++-------
Melee: Hand axe          |    46 |       ||    46
       Headbutt          |    14 |       ||    14
       Dagger            |    22 |     2 ||    24
       Punch             |     2 |       ||     2
Armor: Crystal plate arm |    57 |       ||    57
       Robe              |     1 |       ||     1
Dodge: Dodged            |     5 |       ||     5
